 Dungeon Crawl Stone Soup version 0.16.0-18-g484a79e (webtiles) character file.

141 Zugr the Ruffian (level 5, -9/50 HPs)
             Began as a Troll Monk on Mar 22, 2015.
             Mangled by an ogre
             ... wielding a +0 giant club
              (29 damage)
             ... on level 4 of the Dungeon.
             The game lasted 00:09:35 (1653 turns).

Zugr the Ruffian (Troll Monk)                       Turns: 1653, Time: 00:09:35

Health: -9/50      AC:  5    Str: 20    XL:     5   Next: 3%
Magic:  2/2        EV: 13    Int:  6    God:
Gold:   100        SH:  0    Dex: 12    Spells: 0 memorised, 4 levels left

rFire  . . .     SeeInvis .       - Unarmed
rCold  . . .     Clarity  .     a - +0 robe
rNeg   . . .     SustAb   +     (shield restricted)
rPois  .         Gourm    +     (helmet restricted)
rElec  .         Spirit   .     (no cloak)
rCorr  .         Warding  .     (gloves unavailable)
rMut   .         Stasis   .     (boots unavailable)
MR     .....                    (no amulet)
Stlth  +.........               i - +3 ring of evasion
                                f - ring of sustain abilities

@: not resistant to hostile enchantments, very unstealthy
A: unfitting armour, claws 3, fast metabolism 3, gourmand, regeneration 2,
shaggy fur 1, tough skin 2
a: no special abilities


You were on level 4 of the Dungeon.
You were completely stuffed.

You visited 1 branch of the dungeon, and saw 4 of its levels.

You collected 100 gold pieces.

Inventory:

Missiles
 q - 3 tomahawks of returning (quivered)
Armour
 a - a +0 robe (worn)
 h - a +0 buckler
Jewellery
 f - a ring of sustain abilities (left claw)
 i - a +3 ring of evasion (right claw)
 k - an uncursed ring of invisibility
Scrolls
 c - a scroll of amnesia {unknown}
 m - a scroll of teleportation {unknown}
 p - a scroll of blinking {unknown}
Potions
 d - 2 potions of curing {unknown}
 e - a potion of might {unknown}
 l - a potion of haste {unknown}
Comestibles
 b - 3 meat rations
 g - a royal jelly
 j - a bread ration
 n - 4 fruits
 o - a beef jerky
 r - 4 chunks of flesh


   Skills:
 - Level 2.4 Fighting
 - Level 2.4 Dodging
 - Level 1.1 Stealth
 + Level 6.3 Unarmed Combat


You had 4 spell levels left.
You didn't know any spells.

Dungeon Overview and Level Annotations

Branches:
Dungeon (4/15)
 Temple: D:4-7

Altars:


Innate Abilities, Weirdness & Mutations

You are too large for most types of armour.
You have claws for hands.
Your metabolism is lightning-fast.
You like to eat raw meat.
You heal very quickly.
You are covered in fur (AC +1).
You have very tough skin (AC +2).


Message History

Eat one of 5 chunks of flesh? (ye/n/q/i?) This raw flesh tastes great.
You continue eating. x2
There is a stone staircase leading up here.
You climb upwards.
The ogre closely misses you. The gnoll misses you.
There is a stone staircase leading down here.
The gnoll hits you with a spear! The ogre hits you with a giant club!!
You climb downwards.
There is a stone staircase leading up here.
The gnoll closely misses you. The gnoll hits you with a spear!
* * * LOW HITPOINT WARNING * * *
The gnoll closely misses you. The gnoll hits you but does no damage.
A shadow imp comes into view.
You scratch the shadow imp.
The shadow imp is severely wounded.
The ogre hits you with a giant club!!
Ouch! That really hurt!
You die...

.# . ##. #.. . #.#
... ###.### ....
#.....# ..... #..<..#
######......#
#.....###.gO@5.......
#.........#######....
#.....##### #.....#
#######


You could see an ogre, a gnoll and a shadow imp.

Vanquished Creatures
  Jessica (D:2)
  6 gnolls
  2 adders (D:3)
  A worm (D:2)
  2 giant geckos
  An orc (D:3)
  A ball python (D:1)
  7 goblins
  4 hobgoblins
  4 kobolds
  2 bats
  A giant cockroach (D:2)
  A giant newt (D:2)
  8 jackals
  4 rats
45 creatures vanquished.

Notes
Turn   | Place    | Note
--------------------------------------------------------------
     0 | D:1      | Zugr, the Troll Monk, began the quest for the Orb.
     0 | D:1      | Reached XP level 1. HP: 22/22 MP: 1/1
   278 | D:1      | Reached XP level 2. HP: 25/29 MP: 1/1
   893 | D:2      | Noticed Jessica
   896 | D:2      | Killed Jessica
   896 | D:2      | Reached skill level 5 in Unarmed Combat
   896 | D:2      | Reached XP level 3. HP: 36/36 MP: 2/2
  1440 | D:3      | Reached XP level 4. HP: 39/44 MP: 2/2
  1467 | D:3      | Reached skill level 6 in Unarmed Combat
  1527 | D:3      | Noticed an ogre
  1574 | D:4      | Reached XP level 5. HP: 18/50 MP: 2/2
  1653 | D:4      | Mangled by an ogre

Action                   |  1- 3 |  4- 6 || total
-------------------------+-------+-------++-------
Melee: Unarmed           |    70 |    32 ||   102
Throw: Tomahawk          |       |     4 ||     4
 Stab: Sleeping          |     1 |       ||     1
  Eat: Chunk             |    10 |     6 ||    16
       Bread ration      |     1 |       ||     1
